 Dungeon Crawl Stone Soup version 0.28-b1-25-g9875b3fc8c (webtiles) character file.

Game seed: 11909985818649307371

23 adizb the Skirmisher (level 2, 0/26 HPs)
             Began as a Draconian Fighter on Feb 2, 2022.
             Constricted to death by a ball python (1 damage)
             ... on level 2 of the Dungeon.
             The game lasted 00:03:10 (524 turns).

adizb the Skirmisher (Draconian Fighter)             Turns: 524, Time: 00:03:10

Health: 0/26       AC:  4    Str: 18    XL:     2   Next: 72%
Magic:  2/2        EV:  9    Int:  8    God:
Gold:   43         SH:  4    Dex: 10    Spells: 1/1 levels left

rFire   + . .      SeeInvis .     - Unarmed
rCold   x . .      Faith    .   a - +0 buckler
rNeg    . . .      Spirit   .   (armour unavailable)
rPois   .          Reflect  .   (helmet restricted)
rElec   .          Harm     .   (no cloak)
rCorr   .          Rampage  .   (no gloves)
Will    .....                   (no boots)
Stlth   +.........              (no amulet)
HPRegen 0.08/turn               c - ring of fire
MPRegen 0.08/turn               (no ring)

@: constricted
A: AC +4, unfitting armour, cold-blooded
a: no special abilities


You were on level 2 of the Dungeon.
You visited 1 branch of the dungeon, and saw 2 of its levels.

You collected 43 gold pieces.

Inventory:

Armour
 a - a +0 buckler (worn)
Jewellery
 c - a ring of fire (left hand)
Scrolls
 d - a scroll of enchant weapon {unknown}
 e - a scroll of identify {unknown}
Potions
 b - 2 potions of might
 g - a potion of flight {unknown}


   Skills:
 + Level 3.6 Fighting
 * Level 3.2 Dodging
 + Level 3.2 Shields
 - Level 2.0 Unarmed Combat


You had one spell level left.
You didn't know any spells.
Your spell library was empty.

Dungeon Overview and Level Annotations

Branches:
Dungeon (2/15)

Altars:
Ashenzari

Shops:
D:1 (


Innate Abilities, Weirdness & Mutations

Your plain brown scales are hard. (AC +4)
You cannot fit into any form of body armour.
You are cold-blooded and may be slowed by cold attacks.


Message History

You throw a poisoned dart.
The poisoned dart barely misses the adder.
You hit the ball python.
The ball python is moderately wounded.
The bat misses you. The ball python closely misses you.
The ball python grabs you. The ball python constricts you.
* * * LOW HITPOINT WARNING * * *
You escape the ball python's grasp.
You block the bat's attack. The ball python misses you.
The ball python closely misses you.
You closely miss the adder.
The adder is severely wounded.
The adder misses you. The ball python barely misses you.
The ball python grabs you. The ball python constricts you.
The bat completely misses you.
You barely miss the adder.
You tail-slap the adder, but do no damage.
The adder is severely wounded.
The bat barely misses you. The adder bites you but does no damage.
You block the ball python's attack. The ball python constricts you.
* * * LOW HITPOINT WARNING * * *
You barely miss the adder.
The adder is severely wounded.
The bat closely misses you. The adder bites you but does no damage.
You block the ball python's attack. The ball python constricts you.
* * * LOW HITPOINT WARNING * * *
The adder barely misses you.
You hit the adder but do no damage.
The adder is severely wounded.
The bat hits you but does no damage. The ball python barely misses you.
The ball python constricts you.
* * * LOW HITPOINT WARNING * * *
The adder closely misses you.
The ball python bites you but does no damage.
The ball python constricts you.
You hit the adder.
You kill the adder!
The bat barely misses you. The ball python bites you.
* * * LOW HITPOINT WARNING * * *
The ball python constricts you.
You die...

...#...............
#....###.##########
#........#........#
.....#...'........#
.## #...#.......(#
.>.....#........#
######.#.......(#
..#..Sb^...#
#.#...@....+
#.#......)(#
#.##########


You could see a bat and a ball python.

Vanquished Creatures
  An adder (D:2)
  5 ball pythons
  2 endoplasms (D:1)
  2 giant cockroaches (D:1)
  A goblin (D:1)
  A hobgoblin (D:1)
  A kobold (D:1)
  3 bats
  3 frilled lizards
  4 rats (D:1)
23 creatures vanquished.

Notes
Turn   | Place    | Note
-------+----------+-------------------------------------------
     0 | D:1      | adizb the Draconian Fighter began the quest for the Orb.
     0 | D:1      | Reached XP level 1. HP: 19/19 MP: 1/1
   151 | D:1      | Reached XP level 2. HP: 15/26 MP: 2/2
   392 | D:1      | Found Nascheosi's Weapon Shop.
   444 | D:2      | Found a broken altar of Ashenzari.
   524 | D:2      | HP: 1/26 [ball python (2)]
   524 | D:2      | Constricted to death by a ball python

Illustrated notes

Levels and vault maps discovered:
D:1:      wander_arrival_abandoned_jail, layout_basic, serial_shops,
          nicolae_shop_bloodbath_and_beyond, amcnicky_mini_rare_corridor_liquid
D:2:      layout_basic, basic_altar, minivault_25,
          chequers_serial_rivers_small_3, bh_walls_and_bars

Skill      XL: |  1 |
---------------+----+-----
Dodging        | 3 |  3.2
Fighting       | |  3.6
Shields        | |  3.2
Unarmed Combat | |  2.0

Action                   || total
-------------------------++-------
Melee: Unarmed           ||    81
       Tailslap          ||     6
Throw: Dart              ||     5
 Stab: Sleeping          ||     3
Armor: Skin              ||    27
Dodge: Dodged            ||    63
Block: Buckler           ||    16
